 Dungeon Crawl Stone Soup version 0.22.0-49-gab54619674 (webtiles) character file.

2463 IceCat the Insei (level 9, -3/68 HPs)
             Began as a Gnoll Transmuter on Sept 5, 2018.
             Was an Initiate of Cheibriados.
             Slain by a skeletal warrior
             ... wielding a +0 short sword
             ... led by a death knight
              (18 damage)
             ... on level 7 of the Dungeon.
             The game lasted 00:25:22 (8512 turns).

IceCat the Insei (Gnoll Transmuter)                 Turns: 8512, Time: 00:25:23

Health: -3/68      AC: 13    Str: 16    XL:     9   Next: 50%
Magic:  17/18      EV: 15    Int: 18    God:    Cheibriados [......]
Gold:   360        SH:  5    Dex: 16    Spells: 13/21 levels left

rFire    + . .     SeeInvis .     - Unarmed
rCold    . . .     Gourm    +   l - +0 buckler
rNeg     . . .     Faith    .   w - +3 ring mail
rPois    .         Spirit   .   (no helmet)
rElec    .         Reflect  .   y - +0 cloak
rCorr    .         Harm     .   u - +0 pair of gloves
MR       .....                  (no boots)
Stlth    ++........             q - amulet of the gourmand
HPRegen  0.21/turn              m - +2 ring of protection
MPRegen  0.16/turn              C - ring of protection from fire (curse)

@: about to teleport, appendage, very slow
A: distributed training, fangs 1, horns 2, strong nose
a: End Transformation, Bend Time, Renounce Religion


You were on level 7 of the Dungeon.
You worshipped Cheibriados.
Cheibriados was noncommittal.
You were completely stuffed.
You had grown temporary horns.
You visited 2 branches of the dungeon, and saw 9 of its levels.

You collected 360 gold pieces.

Inventory:

Hand Weapons
 r - a +1 hand crossbow of flaming
Missiles
 a - 80 arrows
 s - 97 bolts
Armour
 b - a +0 robe
 l - a +0 buckler (worn)
 o - a +1 chain mail of cold resistance
 u - a +0 pair of gloves (worn)
 w - a +3 ring mail (worn)
 y - a +0 cloak (worn)
Jewellery
 m - a +2 ring of protection (left hand)
 q - an amulet of the gourmand (around neck)
 B - an uncursed ring of flight
 C - a cursed ring of protection from fire (right hand)
 D - an uncursed ring of stealth {unknown}
Wands
 t - a wand of polymorph (29)
Scrolls
 f - 6 scrolls of identify
 g - a scroll of blinking {unknown}
 h - 2 scrolls of immolation
 i - 6 scrolls of teleportation
 k - 3 scrolls of remove curse
 p - 2 scrolls of amnesia {unknown}
 x - a scroll of fog {unknown}
 z - 5 scrolls of enchant weapon {unknown}
 G - a scroll of magic mapping {unknown}
Potions
 c - 2 potions of agility {unknown}
 e - a potion of haste {unknown}
 j - a potion of magic {unknown}
 n - a potion of lignification {unknown}
 v - 4 potions of curing {unknown}
 A - a potion of heal wounds {unknown}
 F - a potion of resistance {unknown}
Comestibles
 d - 15 rations


   Skills:
 + Level 5.0 Fighting
 + Level 4.2 Short Blades
 + Level 4.2 Long Blades
 + Level 4.2 Axes
 + Level 4.2 Maces & Flails
 + Level 4.2 Polearms
 + Level 4.2 Staves
 + Level 4.2 Slings
 + Level 4.2 Bows
 + Level 4.2 Crossbows
 + Level 4.2 Throwing
 + Level 4.2 Armour
 + Level 6.3 Dodging
 + Level 4.2 Stealth
 + Level 4.2 Shields
 + Level 7.9 Unarmed Combat
 + Level 6.6 Spellcasting
 + Level 3.5 Conjurations
 + Level 3.5 Hexes
 + Level 3.5 Charms
 + Level 3.5 Summonings
 + Level 3.5 Necromancy
 + Level 3.5 Translocations
 + Level 5.2 Transmutations
 + Level 3.5 Fire Magic
 + Level 3.5 Ice Magic
 + Level 3.5 Air Magic
 + Level 3.5 Earth Magic
 + Level 3.5 Poison Magic
 + Level 4.6 Invocations
 + Level 4.2 Evocations


You had 13 spell levels left.
You knew the following spells:

 Your Spells              Type           Power        Failure   Level  Hunger
a - Beastly Appendage     Tmut           ###...       2%          1    None
b - Sticks to Snakes      Tmut           ###.....     3%          2    None
c - Blade Hands           Tmut           ###.......   54%         5    #####..

Your spell library contained the following spells:

 Spells                   Type           Power        Failure   Level  Hunger
 Spider Form              Tmut/Pois      ###.......   10%         3    ##.....
 Ice Form                 Ice/Tmut       ###.....     32%         4    ####...


Dungeon Overview and Level Annotations

Branches:
Dungeon (8/15)             Temple (1/1) D:5
   Lair: D:8-11

Altars:
Ashenzari
Cheibriados
Dithmenos
Elyvilon
Fedhas
Gozag
Hepliaklqana
Kikubaaqudgha
Makhleb
Nemelex Xobeh
Okawaru
Qazlal
Ru
Sif Muna
Trog
Uskayaw
Vehumet
Wu Jian
Xom
Yredelemnul
Zin
The Shining One


Innate Abilities, Weirdness & Mutations

Your experience applies equally to all skills.
You have very sharp teeth.
Your uncanny sense of smell can sniff out nearby items.
You have a pair of horns on your head.


Message History

The skeletal warrior hits you but does no damage.
There is a stone staircase leading up, spattered with blood here.
The skeletal warrior barely misses you.
You climb upwards.
There is a stone staircase leading down here.
The skeletal warrior completely misses you.
The skeletal warrior hits you with a short sword!
Casting: Beastly Appendage (safe; 2% risk of failure)
Confirm with . or Enter, or press ? or * to list all spells.
You grow a pair of large bovine horns.
The skeletal warrior hits you with a short sword!
You barely miss the skeletal warrior.
Your headbutt misses the skeletal warrior.
You hit the skeletal warrior but do no damage.
The skeletal warrior hits you with a short sword!
* * * LOW HITPOINT WARNING * * *
As you read the scroll of teleportation, it crumbles to dust.
You feel strangely unstable.
The skeletal warrior hits you with a short sword!!
You die...

##.#.....### ####..
...#.....#
################.^...
.........#
#.........##.#.#....#
####.....#
##.........##...)....#
####.....#
#......>...######....#
.........#
#..........# #.......#
#####.####
#..........# #.......#
#.#### #....z..####
######### #....#
#...#@##### ####.#
#.#.))....###
#.###.#.......#.#
#.....#.<#.##.#.#
##.###.#.##.#....#
#......#....####.#
############# #.# #.#
###


You could see a skeletal warrior.

Vanquished Creatures
  Joseph (D:7)
  A hippogriff (D:6)
  A spriggan (D:7)
  2 sky beasts (D:6)
  An ice beast (D:5)
  2 orc warriors
  2 ogres
  A centaur (D:7)
  2 bullfrogs
  A water moccasin zombie (D:5)
  A scorpion (D:6)
  2 howler monkeys
  2 crimson imps (D:5)
  A bullfrog zombie (D:5)
  3 hounds
  A jelly (D:7)
  2 orc priests
  An orc wizard (D:6)
  4 bullfrog skeletons
  3 iguanas
  2 worker ants (D:5)
  A hound zombie (D:5)
  8 gnolls
  4 adders
  2 shadow imps
  An ooze (D:4)
  An adder zombie (D:7)
  2 adder skeletons
  2 worms
  2 dart slugs (D:2)
  3 leopard geckos
  15 orcs
  6 bats
  2 giant cockroaches
  8 goblins
  12 hobgoblins
  5 jackals
  6 kobolds
  5 quokkas
  3 ball pythons
  7 frilled lizards
  A giant cockroach zombie (D:6)
  A quokka zombie (D:5)
  6 rats
139 creatures vanquished.

Notes
Turn   | Place    | Note
-------+----------+-------------------------------------------
     0 | D:1      | IceCat the Gnoll Transmuter began the quest for the Orb.
     0 | D:1      | Reached XP level 1. HP: 17/17 MP: 6/6
   120 | D:1      | Reached XP level 2. HP: 20/23 MP: 5/7
   459 | D:1      | Reached XP level 3. HP: 28/28 MP: 7/9
   662 | D:1      | Reached skill level 5 in Spellcasting
   823 | D:2      | Reached skill level 1 in Invocations
   951 | D:2      | Reached skill level 1 in Short Blades
   951 | D:2      | Reached skill level 1 in Long Blades
   951 | D:2      | Reached skill level 1 in Axes
   951 | D:2      | Reached skill level 1 in Maces & Flails
   951 | D:2      | Reached skill level 1 in Polearms
   951 | D:2      | Reached skill level 1 in Staves
   951 | D:2      | Reached skill level 1 in Slings
   951 | D:2      | Reached skill level 1 in Bows
   951 | D:2      | Reached skill level 1 in Crossbows
   951 | D:2      | Reached skill level 1 in Throwing
   951 | D:2      | Reached skill level 1 in Armour
   951 | D:2      | Reached skill level 1 in Stealth
   951 | D:2      | Reached skill level 1 in Shields
   951 | D:2      | Reached skill level 1 in Evocations
   983 | D:2      | Reached XP level 4. HP: 12/34 MP: 11/11
  1398 | D:2      | Reached skill level 1 in Conjurations
  1398 | D:2      | Reached skill level 1 in Hexes
  1398 | D:2      | Reached skill level 1 in Charms
  1398 | D:2      | Reached skill level 1 in Summonings
  1398 | D:2      | Reached skill level 1 in Necromancy
  1398 | D:2      | Reached skill level 1 in Translocations
  1398 | D:2      | Reached skill level 1 in Fire Magic
  1398 | D:2      | Reached skill level 1 in Ice Magic
  1398 | D:2      | Reached skill level 1 in Air Magic
  1398 | D:2      | Reached skill level 1 in Earth Magic
  1398 | D:2      | Reached skill level 1 in Poison Magic
  1869 | D:3      | Reached XP level 5. HP: 18/40 MP: 10/12
  2835 | D:4      | Reached XP level 6. HP: 46/47 MP: 13/13
  2934 | D:4      | Reached skill level 5 in Dodging
  4139 | D:5      | Entered Level 5 of the Dungeon
  4311 | D:5      | Reached XP level 7. HP: 52/52 MP: 15/15
  4325 | D:5      | Reached skill level 7 in Unarmed Combat
  4350 | D:5      | Found a staircase to the Ecumenical Temple.
  4864 | D:5      | Found an iron altar of Okawaru.
  4898 | D:5      | Found a stormy altar of Qazlal.
  5031 | D:5      | Reached XP level 8. HP: 60/60 MP: 16/16
  5958 | Temple   | Entered the Ecumenical Temple
  6244 | D:6      | Found a basalt altar of Yredelemnul.
  7051 | D:6      | Found a blossoming altar of Fedhas.
  7346 | D:7      | Noticed a hippogriff
  7367 | D:6      | Killed a hippogriff
  7367 | D:6      | Reached XP level 9. HP: 46/66 MP: 18/18
  7465 | D:6      | Learned a level 2 spell: Sticks to Snakes
  7552 | D:7      | Reached skill level 5 in Transmutations
  7594 | D:7      | Found a snail-covered altar of Cheibriados.
  7597 | D:7      | Became a worshipper of Cheibriados the Contemplative
  7671 | D:7      | Found a glowing silver altar of Zin.
  7686 | D:7      | Found a hide-covered altar of Uskayaw.
  7689 | D:7      | Found a shattered altar of Ashenzari.
  7692 | D:7      | Found a shimmering altar of Xom.
  7833 | D:7      | Noticed Joseph
  7860 | D:7      | Learned a level 5 spell: Blade Hands
  7893 | D:7      | Killed Joseph
  7928 | D:7      | Reached skill level 5 in Fighting
  8444 | D:8      | Noticed a skeletal warrior
  8512 | D:7      | Slain by a skeletal warrior

Skill      XL: |  1  2  3  4  5  6  7  8  9 |
---------------+----------------------------+-----
Spellcasting   | 5 6 |  6.6
Invocations    | 1 2 3 4 |  4.6
Short Blades   | 1 2 3 4 |  4.2
Long Blades    | 1 2 3 4 |  4.2
Axes           | 1 2 3 4 |  4.2
Maces & Flails | 1 2 3 4 |  4.2
Polearms       | 1 2 3 4 |  4.2
Staves         | 1 2 3 4 |  4.2
Slings         | 1 2 3 4 |  4.2
Bows           | 1 2 3 4 |  4.2
Crossbows      | 1 2 3 4 |  4.2
Throwing       | 1 2 3 4 |  4.2
Armour         | 1 2 3 4 |  4.2
Stealth        | 1 2 3 4 |  4.2
Shields        | 1 2 3 4 |  4.2
Evocations     | 1 2 3 4 |  4.2
Conjurations   | 1 2 3 |  3.5
Hexes          | 1 2 3 |  3.5
Charms         | 1 2 3 |  3.5
Summonings     | 1 2 3 |  3.5
Necromancy     | 1 2 3 |  3.5
Translocations | 1 2 3 |  3.5
Fire Magic     | 1 2 3 |  3.5
Ice Magic      | 1 2 3 |  3.5
Air Magic      | 1 2 3 |  3.5
Earth Magic    | 1 2 3 |  3.5
Poison Magic   | 1 2 3 |  3.5
Fighting       | 3 4 5 |  5.0
Transmutations | 4 5 |  5.2
Dodging        | 5 6 |  6.3
Unarmed Combat | 7 |  7.9

Action                   |  1- 3 |  4- 6 |  7- 9 || total
-------------------------+-------+-------+-------++-------
Melee: Unarmed           |   107 |   190 |   303 ||   600
       Bite              |     8 |    24 |    36 ||    68
       Headbutt          |     4 |    15 |     6 ||    25
       Kick              |     1 |     1 |    24 ||    26
       Punch             |     3 |     6 |       ||     9
 Fire: Hand crossbow     |       |     4 |    71 ||    75
 Cast: Beastly Appendage |    18 |    10 |    15 ||    43
       Blade Hands       |       |       |     1 ||     1
  Use: Scroll            |       |       |     6 ||     6
 Stab: Sleeping          |       |     1 |     7 ||     8
  Eat: Chunk             |       |     9 |    22 ||    31
       Ration            |       |       |     1 ||     1
Armor: Robe              |    17 |    11 |       ||    28
       Leather armour    |       |     6 |       ||     6
       Scale mail        |       |    21 |    31 ||    52
       Ring mail         |       |       |    69 ||    69
Dodge: Dodged            |    69 |   108 |   173 ||   350
Block: Buckler           |       |       |    50 ||    50
